 Dungeon Crawl Stone Soup version 0.25-a0-435-g4b9beb1024 (webtiles) character file.

Game seed: 6679422391570624868, levelgen mode: deterministic

131 Elellon the Conjurer (level 4, -2/24 HPs)
             Began as a Deep Elf Conjurer on Jan 28, 2020.
             Killed by nerve-wracking pain
             ... invoked by an orc priest
              (14 damage)
             ... on level 3 of the Dungeon.
             The game lasted 00:04:00 (2347 turns).

Elellon the Conjurer (Deep Elf Conjurer)            Turns: 2347, Time: 00:04:00

Health: -2/24      AC:  3    Str:  6    XL:     4   Next: 91%
Magic:  4/13       EV: 13    Int: 20    God:
Gold:   105        SH:  0    Dex: 15    Spells: 10/13 levels left

rFire    . . .     SeeInvis .   j - +2 short sword (protect)
rCold    . . .     Gourm    .   (no shield)
rNeg     . . .     Faith    .   a - +0 robe
rPois    .         Spirit   .   (no helmet)
rElec    .         Reflect  .   (no cloak)
rCorr    .         Harm     .   (no gloves)
MR       .....                  g - +0 pair of boots
Stlth    ++........             (no amulet)
HPRegen  0.08/turn              (no ring)
MPRegen  0.13/turn              (no ring)

@: no status effects
A: no striking features
a: no special abilities


You were on level 3 of the Dungeon.
You were not hungry.

You visited 1 branch of the dungeon, and saw 3 of its levels.

You collected 105 gold pieces.

Inventory:

Hand Weapons
 e - a +0 dagger
 j - a +2 short sword of protection (weapon)
Armour
 a - a +0 robe (worn)
 g - a +0 pair of boots (worn)
Jewellery
 d - an uncursed ring of magical power {unknown}
Wands
 m - a wand of flame (9)
Scrolls
 f - a scroll of remove curse {unknown}
 h - 2 scrolls of enchant armour {unknown}
 i - 2 scrolls of enchant weapon {unknown}
 l - a scroll of fog {unknown}
 s - a scroll of blinking {unknown}
 u - a scroll of identify {unknown}
 v - a scroll of amnesia {unknown}
 w - a scroll of magic mapping {unknown}
 x - a scroll of teleportation {unknown}
Potions
 b - 2 potions of agility {unknown}
 k - a potion of brilliance {unknown}
 o - a potion of invisibility {unknown}
 p - a potion of degeneration {unknown}
 q - a potion of curing {unknown}
 r - a potion of haste {unknown}
 t - a potion of mutation {unknown}
Comestibles
 c - 8 rations
 n - 2 chunks of flesh


   Skills:
 - Level 2.4 Dodging
 - Level 2.4 Stealth
 + Level 5.3 Spellcasting
 + Level 5.7 Conjurations


You had 10 spell levels left.
You knew the following spells:

 Your Spells              Type           Power        Failure   Level  Hunger
a - Magic Dart            Conj           ####         1%          1    None
b - Searing Ray           Conj           ####..       1%          2    None

Your spell library contained the following spells:

 Spells                   Type           Power        Failure   Level  Hunger
 Dazzling Flash           Conj/Hex       ###...       11%         3    ##.....
 Fulminant Prism          Conj/Hex       ###.......   34%         4    ####...
 Iskenderun's Mystic Bla  Conj/Tloc      ###.....     34%         4    ####...


Dungeon Overview and Level Annotations

Branches:
Dungeon (3/15)

Altars:
Uskayaw


Message History

Aim: an orc, wielding a +0 short sword (almost dead)
The magic dart hits the orc!
You kill the orc!
The orc priest shouts!
The orc shouts!
You hear a shout!
Casting: Magic Dart (safe; 1% risk of failure)
Confirm with . or Enter, or press ? or * to list all spells.
Aiming: Searing Ray (safe; 1% risk of failure)
Press: ? - help, Shift-Dir - straight line, f - orc priest
Aim: an orc priest, wearing a +0 chain mail The searing ray misses the orc priest. (Press . to maintain the ray.)
The orc priest calls down the wrath of Beogh upon you.
Beogh smites you!
Ouch! That really hurt!
The searing ray hits the orc priest!
The orc priest is heavily wounded.
The orc priest calls down the wrath of Beogh upon you.
Pain shoots through your body!
Ouch! That really hurt!
You die...

(# ). ). o# #######.#
#.....#.# #.....#.#.##.#
#.#.#.@...)..#
#....รท#.#.....
#.#.#)#.# #.. #.....#.#
##..#..)### ##.###.....
###+ #.## #.### #. ...#
########..###.###....
..$#....)..............#


You could see an orc priest.

Vanquished Creatures
  An adder (D:3)
  3 oozes
  4 worms
  3 dart slugs
  3 leopard geckos
  3 orcs (D:3)
  2 bats
  6 giant cockroaches
  6 goblins
  6 hobgoblins
  17 jackals
  10 kobolds
  2 quokkas
  2 ball pythons
  4 frilled lizards
  7 rats
79 creatures vanquished.

Notes
Turn   | Place    | Note
-------+----------+-------------------------------------------
     0 | D:1      | Elellon the Deep Elf Conjurer began the quest for the Orb.
     0 | D:1      | Reached XP level 1. HP: 10/10 MP: 6/6
   149 | D:1      | Reached XP level 2. HP: 15/15 MP: 4/8
   206 | D:1      | Learned a level 2 spell: Searing Ray
   622 | D:1      | Reached XP level 3. HP: 19/19 MP: 7/10
   636 | D:1      | Reached skill level 5 in Conjurations
  1418 | D:2      | Reached XP level 4. HP: 24/24 MP: 10/12
  1908 | D:3      | Reached skill level 5 in Spellcasting
  2044 | D:3      | Noticed a +0 hand axe
  2044 | D:3      | Noticed a +0 hand axe
  2046 | D:3      | Found a hide-covered altar of Uskayaw.
  2347 | D:3      | Killed from afar by an orc priest

Levels and vault maps discovered:
D:1:      dpeg_arrival_snail, layout_rooms, minmay_misc_feat_ornament
D:2:      layout_rooms, minmay_tetromino_l2
D:3:      layout_loops_ring, dancing_weapons_uskayaw, glass_columns_a,
          chequers_serial_rivers_room_a, uniq_sigmund

Skill      XL: |  1  2  3  4 |
---------------+-------------+-----
Spellcasting   | 4 5 |  5.3
Conjurations   | 5 |  5.7
Dodging        | |  2.4
Stealth        | |  2.4

Action                   |  1- 3 |  4- 6 || total
-------------------------+-------+-------++-------
Melee: Short sword       |       |     3 ||     3
 Cast: Magic Dart        |    84 |    71 ||   155
       Searing Ray       |       |     3 ||     3
  Eat: Chunk             |     1 |     3 ||     4
Armor: Robe              |     3 |     1 ||     4
Dodge: Dodged            |    10 |     6 ||    16

Table legend:
 A = Non-vault XP
 B = Vault XP
 C = Vault XP percentage of total XP
 D = Non-vault monster count
 E = Vault monster count
 F = Vault count percentage of total count
                 A         B        C        D         E       F
            +---------+---------+-------+---------+---------+-------
      Total |     187 |       1 |   0.5 |      78 |       1 |   1.3
            +---------+---------+-------+---------+---------+-------
        D:1 |      44 |       0 |   0.0 |      23 |       0 |   0.0
        D:2 |      80 |       1 |   1.2 |      31 |       1 |   3.1
        D:3 |      63 |       0 |   0.0 |      24 |       0 |   0.0
            +---------+---------+-------+---------+---------+-------
